 Dungeon Crawl Stone Soup version 0.30-a0-782-ge64f9170bb (webtiles) character file.

Game seed: 5189124174033383438

126 senseless the Chopper (level 4, 0/35 HPs)
             Began as a Demonspawn Gladiator on Mar 10, 2023.
             Slain by Sigmund
             ... wielding a +0 scythe
              (2 damage)
             ... on level 3 of the Dungeon.
             The game lasted 00:07:24 (2566 turns).

senseless the Chopper (Demonspawn Gladiator)        Turns: 2566, Time: 00:07:25

Health: 0/35       AC:  7    Str: 16    XL:     4   Next: 83%
Magic:  4/4        EV: 11    Int:  9    God:
Gold:   175        SH:  0    Dex: 18    Spells: 3/3 levels left

rFire   . . .      SeeInvis .    a - +0 war axe
rCold   . . .      Faith    .    (no shield)
rNeg    . . .      Spirit   .    k - +0 scale mail
rPois   .          Reflect  .    (helmet restricted)
rElec   .          Harm     .    (no cloak)
rCorr   .          Rampage  .    l - +0 pair of gloves {Dex+3}
Will    .....                    (no boots) Stlth
                                 (no amulet)
HPRegen 0.25/turn                (no ring)
MPRegen 0.09/turn                (no ring)

@: confused
A: hooves 1, horns 2
a: no special abilities


You were on level 3 of the Dungeon.
You visited 1 branch of the dungeon, and saw 3 of its levels.

You collected 175 gold pieces.

Inventory:

Hand Weapons
 a - a +0 war axe (weapon)
 g - a +1 dagger of pain
Missiles
 d - 3 throwing nets (quivered)
 e - 7 javelins
Armour
 b - a +0 leather armour
 c - a +0 helmet
 h - a +0 pair of gloves
 k - a +0 scale mail (worn)
 l - a +0 pair of gloves of dexterity (worn)
Jewellery
 m - a ring of ice
Scrolls
 f - a scroll of teleportation
Potions
 i - a potion of brilliance
 j - a potion of magic


   Skills:
 + Level 3.1 Fighting
 + Level 3.4 Axes
 - Level 2.3 Throwing
 + Level 1.0 Armour
 + Level 3.3 Dodging


You had 3 spell levels left.
You didn't know any spells.
Your spell library was empty.

Dungeon Overview and Level Annotations

Branches:
Dungeon (3/15)

Altars:
Fedhas

Annotations:
D:3 1 runed translucent door, Crazy Yiuf, Sigmund


Innate Abilities, Weirdness & Mutations

You have large cloven feet.
You have a pair of horns on your head.


Message History

You bump into the rock wall.
You closely miss something. You kick something.
You feel less confused. Something hits you!
You closely miss something. Your kick misses something.
Your headbutt misses something. Something hits you but does no damage.
You hit something but do no damage. Your kick misses something.
Something hits you.
You hit something. Something hits you.
You miss something. Your kick misses something.
You hear some strange, mumbled words.
Something tries to affect you, but you resist.
You barely miss something. Something hits you but does no damage.
You barely miss something. You kick something. Something completely misses you.
You miss something. Your headbutt misses something.
Something hits you but does no damage.
You slash something! Your kick misses something.
Your headbutt misses something.
You hear some strange, mumbled words.
You are confused.
You barely miss something.
You hear some strange, mumbled words.
You are more confused.
You closely miss something. Your kick misses something. You headbutt something.
You hear some strange, mumbled words.
You are more confused.
You're too confused to move!
Something hits you but does no damage. Something hits you.
You bump into the rock wall.
You bump into the rock wall.
A magic dart appears from out of thin air!
The magic dart hits you!
* * * LOW HITPOINT WARNING * * *
Something hits you.
* * * LOW HITPOINT WARNING * * *
You are too confused!
You closely miss something. Your kick misses something.
Something hits you but does no damage.
You bump into the rock wall.
Something hits you.
You die...

≈≈≈≈≈≈≈≈≈~≈~≈≈≈~~≈~......~~≈~≈≈≈≈
~~~~~~~~~~~~~~~≈~~≈......~~~~~~~≈
~~~...~..~~~.~~~.~~~....~~~~.~.~~
.................((..............
..................(..............
######......##.#.#########.##....
.# ######......# #.####.. .#
#.##.#{# ###....(.. .######
#.##.#@#######........# ......#
###.##...........###.#)##
.####.###...####.#####......###.#
.# #.##.....###.# #.#####.#.## ##
#............# ###.# ##.##.
####.....##### #...## ####.
##...## ##.##.# #.. ##.######
#...#.########. ###### #......#
#.♣.#.......#..


There were no monsters in sight!

Vanquished Creatures
  Jessica (D:3)
  2 adders (D:3)
  A dart slug (D:1)
  2 orcs
  5 ball pythons
  8 endoplasms
  5 giant cockroaches
  3 goblins
  5 hobgoblins
  4 jackals (D:1)
  12 kobolds
  7 quokkas
  5 bats
  4 frilled lizards
  5 rats (D:1)
69 creatures vanquished.

Notes
Turn   | Place    | Note
-------+----------+-------------------------------------------
     0 | D:1      | senseless the Demonspawn Gladiator began the quest for the
                  | Orb.
     0 | D:1      | Reached XP level 1. HP: 16/16 MP: 1/1
    96 | D:1      | Discovered your monstrous ancestry.
    96 | D:1      | Gained mutation: You have large cloven feet. [demonic
                  | ancestry]
    96 | D:1      | Reached XP level 2. HP: 11/22 MP: 2/2
   789 | D:1      | Gained mutation: You have a pair of small horns on your
                  | head. [demonic ancestry]
   789 | D:1      | Reached XP level 3. HP: 28/28 MP: 3/3
  1388 | D:2      | Found a blossoming altar of Fedhas.
  1973 | D:3      | Noticed Jessica
  1984 | D:3      | Killed Jessica
  1985 | D:3      | Gained mutation: You have a pair of horns on your head.
                  | [demonic ancestry]
  1985 | D:3      | Reached XP level 4. HP: 29/34 MP: 4/4
  2394 | D:3      | Found a runed translucent door.
  2395 | D:3      | Noticed Crazy Yiuf
  2516 | D:3      | Noticed Sigmund
  2520 | D:3      | Reached skill level 1 in Armour
  2564 | D:3      | HP: 1/35 [something (5)]
  2566 | D:3      | Slain by Sigmund

Illustrated notes

Levels and vault maps discovered:
D:1:      dpeg_arrival_boxorama, layout_loops_corners, st_stairs_2,
          minmay_pentomino_u2
D:2:      layout_basic, basic_altar
D:3:      minmay_goblin_kobold_castle, layout_loops_cross, elyvilon_altar_1,
          uniq_jessica, uniq_crazy_yiuf_cottage, uniq_sigmund

Skill      XL: |  1  2  3  4 |
---------------+-------------+-----
Throwing       | 2 |  2.3
Axes           | 3 |  3.4
Dodging        | 3 |  3.3
Fighting       | 3 |  3.1
Armour         | 1 |  1.0

Action                     |  1- 3 |  4- 6 || total
---------------------------+-------+-------++-------
  Melee: War axe           |   114 |    37 ||   151
         Kick              |    23 |     7 ||    30
         Headbutt          |     7 |     4 ||    11
    Use: Scroll            |     5 |       ||     5
         Potion            |       |     1 ||     1
   Stab: Sleeping          |     1 |       ||     1
 Armour: Leather armour    |    29 |       ||    29
         Scale mail        |     8 |    16 ||    24
  Dodge: Dodged            |    86 |    23 ||   109

Table legend: (Time is in decaauts)
 A = Elapsed time spent in this place.
 B = Non-inter-level travel time spent in this place.
 C = Inter-level travel time spent in this place.
 D = Time resting spent in this place.
 E = Time spent auto-exploring this place.
 F = Levels seen in this place.
 G = Mean time per level.
                   A        B        C        D        E       F      G
               +--------+--------+--------+--------+--------+-----+--------+
         Total |   2619 |   2358 |    261 |     54 |   1841 |   3 |  873.0 |
       Dungeon |   2619 |   2358 |    261 |     54 |   1841 |   3 |  873.0 |
               +--------+--------+--------+--------+--------+-----+--------+

Top non-repeatable levels by time:
     D:1: 1213 daAuts
     D:3: 821 daAuts
     D:2: 584 daAuts
